Map: Rorschach LE

Players

Bolik

  • Race: Zerg Zerg
  • League: Master

Игпш - Winner!

  • Race: Terran Terran
  • League: Gold

VOD

Have the link to the VOD?

Description

Time

  • Played on: Sept. 18, 2026, 4:49 p.m.
  • Length: 8:00
Show
View Real Time Build Order
Export as new Build Order

Bolik Zerg 

Build Orders: Pool First 

Get SALT Encoding   

  8  0:03  Drone  
  9  0:12  Drone  
  10  0:18  Drone  
  11  0:25  Drone  
  12  0:36  Extractor x2  
  12  0:37  Drone  
  12  0:40  Drone  
  14  0:46  Overlord  
  14  1:07  Spawning Pool  
  13  1:13  Drone  
  13  1:15  Drone  
  15  1:18  Drone  
  16  1:27  Drone  
  17  1:33  Drone  
  17  1:37  Extractor  
  17  1:44  Drone  
  18  1:54  Overlord  
  18  1:57  Queen  
  20  2:05  Overlord  
  20  2:20  Zergling x2  
  21  2:28  Zergling x2  
  22  2:35  Hatchery  
  21  2:41  Zergling x2  
  23  2:44  Zergling x2  
  23  2:49  Queen  
  24  2:58  Zergling x2  
  25  3:19  Zergling x2  
  26  3:20  Zergling x6  
  26  3:24  Queen  
  31  3:29  Zergling x2  
  31  3:34  Roach Warren  
  31  3:37  Overlord  
  31  3:42  Metabolic Boost  
  31  3:51  Drone  
  31  3:52  Drone  
  31  3:55  Zergling x2  
  34  4:11  Drone x3  
  34  4:12  Drone  
  38  4:18  Roach  
  38  4:22  Drone  
  36  4:49  Roach x6  
  43  4:54  Drone  
  44  5:13  Hatchery  
  43  5:38  Drone x2  
  43  5:39  Drone  
  46  5:46  Roach  
  46  5:47  Overlord x2  
  48  5:51  Lair  
  47  6:10  Ravager x2  
  49  6:12  Drone x2  
  49  6:13  Drone x4  
  55  6:26  Extractor  
  54  6:41  Ravager  
  54  6:42  Drone x2  
  54  6:43  Drone x5  
  62  6:47  Overlord x2  
  62  6:52  Ravager  
  63  7:06  Roach  
  65  7:10  Zergling x8  
  69  7:27  Drone x7  
  73  7:37  Drone x2  
Show
View Real Time Build Order
Export as new Build Order

Игпш Terran - Winner!

Build Orders:  

Get SALT Encoding   

  8  0:00  SCV  
  9  0:13  SCV  
  10  0:25  SCV  
  11  0:29  Supply Depot  
  11  0:37  SCV  
  12  0:53  Barracks  
  12  0:54  SCV  
  13  1:03  Refinery  
  13  1:07  SCV  
  14  1:19  SCV  
  15  1:26  Refinery  
  15  1:40  Orbital Command  
  15  1:48  Reaper  
  16  2:03  Supply Depot  
  16  2:09  SCV  
  17  2:20  Factory  
  17  2:21  SCV  
  18  2:28  Barracks Reactor  
  18  2:42  Barracks  
  18  3:14  Factory Reactor  
  18  3:24  Barracks Tech Lab  
  18  3:26  SCV  
  19  3:33  Factory  
  19  3:38  SCV  
  19  3:39  Barracks Reactor  
  20  3:43  Hellion x2  
  20  3:47  Reaper  
  25  3:50  SCV  
  26  4:00  Stimpack  
  26  4:02  SCV  
  27  4:04  Hellion  
  29  4:12  Supply Depot  
  29  4:19  Factory Tech Lab, Hellion  
  29  4:24  Reaper x2  
  32  4:30  Hellion  
  35  4:36  Supply Depot  
  35  4:37  Infernal Pre-Igniter  
  35  4:54  Marine  
  35  4:58  Marine, Reaper, Supply Depot  
  38  5:03  Hellion x2  
  38  5:05  Hellion  
  44  5:12  Reaper  
  45  5:16  Reaper  
  46  5:29  Siege Tank  
  46  5:32  Marine  
  50  5:45  Command Center  
  50  5:46  Marine  
  50  5:49  Marine  
  52  6:09  Siege Tank  
  52  6:11  Widow Mine x2  
  59  6:15  Marine x2  
  61  6:26  Supply Depot  
  61  6:29  Marine  
  60  6:33  Marine  
  61  6:48  Marine x2, Siege Tank  
  61  6:51  Marine  
  67  6:57  Orbital Command  
Tags
 
Add a new tag
Caveats
  • Supply blocks, unpowered buildings, or Contaminate may cause inaccurate times.
  • Supply counts are checked every 10 seconds.